Map: Tourmaline LE

Players

NicK - Winner!

  • Race: Zerg Zerg
  • Spawn Location: 7:00

HoldTheDoor

  • Race: Protoss Protoss
  • League: Diamond
  • Spawn Location: 1:00

VOD

Have the link to the VOD?

Description

Time

  • Played on: May 25, 2026, 11:27 a.m.
  • Length: 6:21
Show
View Real Time Build Order
Export as new Build Order

NicK Zerg - Winner!

Build Orders: Pool First 

Get SALT Encoding   

  12  0:00  Drone  
  13  0:12  Overlord  
  13  0:17  Drone  
  14  0:30  Drone x2  
  16  0:40  Spawning Pool  
  15  0:44  Drone  
  16  1:05  Hatchery  
  16  1:06  Drone  
  16  1:10  Drone  
  17  1:13  Drone  
  18  1:21  Drone  
  18  1:23  Extractor  
  18  1:29  Queen  
  20  1:39  Overlord  
  20  1:49  Drone  
  21  1:59  Drone  
  22  2:03  Drone  
  22  2:05  Queen  
  25  2:19  Queen  
  27  2:27  Drone x3  
  30  2:35  Drone x2  
  32  2:41  Hatchery  
  31  2:46  Overlord  
  31  2:50  Drone  
  32  2:54  Metabolic Boost  
  32  3:02  Queen  
  34  3:07  Drone x2  
  36  3:18  Drone x3  
  36  3:19  Drone x2  
  41  3:26  Drone x3  
  44  3:29  Overlord  
  44  3:35  Extractor x2  
  42  3:45  Drone x2  
  42  3:48  Drone x3  
  47  3:49  Drone x3  
  47  3:54  Roach Warren  
  49  3:58  Lair  
  49  4:07  Overlord  
  49  4:08  Overlord x2  
  49  4:15  Queen  
  51  4:28  Overlord  
  51  4:32  Drone x3  
  51  4:38  Roach x7  
  68  4:41  Roach  
  70  4:50  Roach  
  70  4:51  Roach x3  
  78  4:58  Roach  
  78  4:59  Roach  
  82  5:10  Overlord  
  82  5:11  Overlord x3  
  68  5:40  Roach  
  68  5:41  Roach x12  
  80  5:53  Roach x2  
  80  5:54  Roach  
  71  6:00  Roach x2  
Show
View Real Time Build Order
Export as new Build Order

HoldTheDoor Protoss 

Build Orders:  

Get SALT Encoding   

  12  0:00  Probe  
  13  0:12  Probe  
  14  0:19  Pylon  
  14  0:24  Probe  
  15  0:33  Probe  
  15  0:41  Probe  
  16  0:43  Gateway  
  17  0:50  Assimilator  
  17  1:07  Forge, Probe  
  18  1:19  Probe  
  19  1:31  Probe  
  19  1:32  Cybernetics Core  
  20  1:40  Photon Cannon  
  20  1:43  Probe  
  21  1:55  Probe  
  22  2:04  Nexus  
  22  2:07  Probe  
  23  2:10  Warp Gate  
  23  2:16  Pylon  
  23  2:34  Probe, Sentry  
  26  2:46  Probe  
  27  2:52  Robotics Facility  
  27  2:53  Gateway  
  27  2:58  Probe  
  28  3:03  Stalker  
  28  3:10  Probe  
  31  3:17  Probe  
  32  3:22  Probe  
  33  3:29  Probe  
  33  3:31  Gateway  
  34  3:34  Probe  
  34  3:41  Probe  
  36  3:44  Warp Prism  
  36  3:46  Probe  
  39  3:53  Probe  
  40  3:58  Gateway x2  
  40  4:02  Gateway  
  40  4:06  Gateway  
  40  4:08  Gateway  
  40  4:13  Gateway  
  40  4:20  Stalker  
  40  4:23  Stalker  
  44  4:45  Pylon  
  44  4:46  Pylon  
  44  4:48  Pylon  
  44  4:49  Stalker  
  46  5:09  Stalker x3  
  46  5:11  Zealot x3  
  46  5:12  Zealot x3  
  60  5:32  Stalker  
  60  5:33  Zealot x3  
  60  5:34  Zealot x3  
  60  5:43  Stalker  
  60  5:44  Zealot  
  56  6:01  Stalker  
  56  6:02  Zealot x5  
  56  6:13  Zealot x3  
Tags
 
League
Diamond
Matchup
PvZ
Opening
Pool First
Replay Pack
SC2Mai2026
Spawn Locations
Cross Positions
Add a new tag
Caveats
  • Supply blocks, unpowered buildings, or Contaminate may cause inaccurate times.
  • Supply counts are checked every 10 seconds.